[Event "*** Titled Tuesday Blitz"]
[Site "Chess.com"]
[Date "2018.12.04"]
[Round "2"]
[White "SanchezKelvin"]
[Black "Sigurbjorn"]
[Result "0-1"]
[WhiteElo "2486"]
[BlackElo "2507"]
[TimeControl "180+2"]
[EndTime "13:22:06 PST"]
[Termination "Sigurbjorn won by resignation"]

1. e4 c5 2. Nf3 d6 3. d4 cxd4 4. Nxd4 Nf6 5. Nc3 g6 6. f3 Bg7 7. Be3 O-O 8. Qd2 Nc6 9. Bc4 Bd7 10. h4 Rc8 11. Bb3 h5 12. O-O-O Ne5 13. g4 hxg4 14. h5 Nxh5 15. Bh6 Rc5 16. Kb1 e6 17. Rdg1 Nxf3 18. Nxf3 gxf3 19. Bxg7 Kxg7 20. Qxd6 Qc7 21. Qd2 Qf4 22.
Qf2 Rfc8 23. Rh4 Qf6 24. e5 Rxe5 25. Ne4 Rxe4 26. Rxe4 Bc6 27. Rh4 Qf5 28. Rhg4 Rd8 29. a3 Nf6 30. Rh4 Ne4 31. Qh2 f2 32. Rh7+ Kf8 33.
Rh8+ Ke7 34. Qc7+ Rd7 0-1

[Event "*** Titled Tuesday Blitz"]
[Site "Chess.com"]
[Date "2018.12.04"]
[Round "2"]
[White "DishonorOnYourCow"]
[Black "GremioPrudente"]
[Result "1-0"]
[WhiteElo "2257"]
[BlackElo "2128"]
[TimeControl "180+2"]
[EndTime "13:22:07 PST"]
[Termination "DishonorOnYourCow won on time"]

1. d4 d5 2. c4 c6 3. Nf3 e6 4.
cxd5 exd5 5. Qc2 Nd7 6. Nc3 Bd6 7. Bg5 Be7 8. Bxe7 Qxe7 9. e3 Ngf6 10. Bd3 O-O 11.
O-O Re8 12. Rab1 a5 13. Nd2 h6 14. Rfe1 Qd6 15. Na4 b5 16. Nc5 Nxc5 17. dxc5 Qe7 18. e4 Nd7 19. Nf3 Qxc5 20. exd5 Rxe1+ 21. Rxe1 Qxc2 22. Re8+ Nf8 23. Bxc2 cxd5 24. Nd4 Bb7 25. Rxa8 Bxa8 26. Nxb5 Ne6 27. f3 Bc6 28. Nc3 d4 29.
Nd1 Kf8 30. Kf2 Ke7 31. b3 Kd6 32. Nb2 Kc5 33. Nd3+ Kd6 34. a3 Bb5 35. b4 axb4 36. axb4 Bxd3 37. Bxd3 Kd5 38. g3 Nc7 39. Ke2 Na8 40.
Be4+ 1-0

[Event "*** Titled Tuesday Blitz"]
[Site "Chess.com"]
[Date "2018.12.04"]
[Round "2"]
[White "David_Paravyan"]
[Black "Ali_rastbod"]
[Result "1-0"]
[WhiteElo "2834"]
[BlackElo "2586"]
[TimeControl "180+2"]
[EndTime "13:22:08 PST"]
[Termination "David_Paravyan won by resignation"]

1. c4 e5 2. Nc3 Nc6 3. Nf3 g6 4. d4 exd4 5. Nxd4 Bg7 6. Nxc6 bxc6 7. g3 Ne7 8. Bg2 O-O 9. O-O Rb8 10. Qc2 d6 11. b3 c5 12. Bb2 Bb7 13. Bxb7 Rxb7 14. Rad1 Nc6 15. Nd5 Re8 16. Bxg7 Kxg7 17. Qc3+ f6 18.
Rfe1 Rf8 19. h4 Qd7 20. Kg2 Qe6 21. Qf3 Qe8 22. h5 g5 23. h6+ Kxh6 24. Nxf6 Qe6 25.
Qh5+ Kg7 26. Qxg5+ Kf7 27. Rh1 Qxf6 28. Rxh7+ Ke6 29.
Rh6 Ne5 30. f4 Nd7 31. Qd5+ Ke7 32. Rxf6 Nxf6 33. Qxb7 1-0

[Event "*** Titled Tuesday Blitz"]
[Site "Chess.com"]
[Date "2018.12.04"]
[Round "2"]
[White "GABUZYAN_CHESSMOOD"]
[Black "Evgeny81"]
[Result "1-0"]
[WhiteElo "2812"]
[BlackElo "2556"]
[TimeControl "180+2"]
[EndTime "13:22:09 PST"]
[Termination "GABUZYAN_CHESSMOOD won by resignation"]

1. Nf3 d5 2. g3 c6 3. Bg2 Bg4 4. O-O Nd7 5. d4 Ngf6 6. Nbd2 e6 7. Re1 Be7 8. e4 dxe4 9. Nxe4 Nxe4 10. Rxe4 Bh5 11.
c3 O-O 12. Qb3 Qb6 13. Nd2 Bg6 14. Re1 a5 15. Nc4 Qa6 16. a4 Bd3 17. Ne3 Rfe8 18. h4 Rac8 19. Bd2 b6 20. c4 Bg6 21. Bc3 Nf6 22.
d5 exd5 23. cxd5 Be4 24. Bxf6 Bxf6 25. Bxe4 Rxe4 26. dxc6 Rb4 27. Qd5 Rd4 28. Qf3 Qa8 29. Rac1 Rd6 30. Nf5 Rd2 31. b3 h6 32. Nxh6+ Kf8 33.
Nf5 g6 34. Qe3 Rd5 35. Ne7 Bxe7 36. Qxe7+ Kg7 37. Qb7 Rd6 38. Qxa8 Rxa8 39. c7 Rc8 40. Rc3 Kf6 41. Re4 Kg7 42. Kg2 Kf8 43. g4 Kg7 44.
Kg3 Kf8 45. f3 Kg7 46. Rec4 Kf8 47. Rc6 Ke7 48. Rxd6 Kxd6 49. Kf4 1-0

[Event "*** Titled Tuesday Blitz"]
[Site "Chess.com"]
[Date "2018.12.04"]
[Round "2"]
[White "amiralfio"]
[Black "ASVZ"]
[Result "1-0"]
[WhiteElo "2412"]
[BlackElo "2270"]
[TimeControl "180+2"]
[EndTime "13:22:09 PST"]
[Termination "amiralfio won by resignation"]

1. d4 e6 2. Nf3 f5 3. g3 b6 4. Bg2 Bb7 5. O-O Nf6 6. c4 g6 7. Nc3 Bg7 8. d5 O-O 9. Bf4 Re8 10. dxe6 dxe6 11. Qxd8 Rxd8 12. Bxc7 Rc8 13. Bf4 Ne4 14. Ng5 Bxc3 15. Nxe4 Bxe4 16. Bxe4 fxe4 17. bxc3 Rxc4 18. Rad1 Nc6 19. Rd7 Rd8 20. Rfd1 Rxd7 21. Rxd7 Rxc3 22. Bh6 Rc2 23. Rg7+ Kf8 24. Rxa7+ Ke8 25. Rxh7 Rxe2 26. Rb7 Rxa2 27. Rxb6 Kd7 28. Rb7+ Kd6 29. Rg7 Kd5 30. Rxg6 Ne5 31. Rg5 e3 32. Bg7 e2 33. Rxe5+ Kd6 34. Kg2 Ra7 35. Bh8 Rh7 36. Rxe2 Rxh8 37. h4 e5 38. Kh3 Kd5 39. g4 e4 40. g5 Rf8 41.
Kg4 Kd4 42. g6 Kd3 43. Re3+ Kd4 44. Re2 Kd3 45. Ra2 Rb8 46. Kg5 Rb1 47. g7 Rg1+ 48. Kh6 Rg4 49. h5 Kd4 50. Kh7 Ke5 51. g8=Q Rxg8 52.
Kxg8 e3 53. fxe3 1-0

[Event "*** Titled Tuesday Blitz"]
[Site "Chess.com"]
[Date "2018.12.04"]
[Round "2"]
[White "LyonBeast"]
[Black "nubair1198"]
[Result "1-0"]
[WhiteElo "2915"]
[BlackElo "2622"]
[TimeControl "180+2"]
[EndTime "13:22:10 PST"]
[Termination "LyonBeast won by checkmate"]

1. e4 c6 2. Nf3 d5 3. Nc3 Nf6 4.
e5 Ne4 5. Ne2 Qb6 6. d4 e6 7. Nfg1 f6 8. f3 Ng5 9. exf6 gxf6 10.
f4 Ne4 11. Ng3 Bd7 12. Nxe4 dxe4 13. Bc4 Qb4+ 14. c3 Qxc4 15. Qh5+ Kd8 16. Ne2 c5 17. Be3 Bb5 18. Ng3 Qd3 19. Nf1 Qc2 20. Nd2 Nc6 21.
dxc5 Kc7 22. a4 Ba6 23. Qf7+ Be7 24. Qxe6 Qd3 25. O-O-O Qxe3 26. Rhe1 Qxf4 27. Rxe4 Qg5 28. b4 Bd3 29. h4 Qg8 30. Qxe7+ Nxe7 31. Rxe7+ Kc6 32.
Nf3 Rd8 33. Rde1 Bf5 34. g4 Qxg4 35. R1e3 Qc4 36. b5+ Kd5 37. R3e5+ fxe5 38. Rxe5# 1-0

[Event "*** Titled Tuesday Blitz"]
[Site "Chess.com"]
[Date "2018.12.04"]
[Round "2"]
[White "eCztery"]
[Black "SCIM"]
[Result "0-1"]
[WhiteElo "2250"]
[BlackElo "2429"]
[TimeControl "180+2"]
[EndTime "13:22:10 PST"]
[Termination "SCIM won by checkmate"]

1. e4 c5 2. Nf3 e6 3. d4 cxd4 4. Nxd4 Nc6 5. Nc3 Qc7 6. g3 Nf6 7. Bg2 a6 8. O-O h5 9. Nxc6 dxc6 10. e5 Qxe5 11. Re1 Qa5 12. Bd2 Be7 13. Nd5 Qd8 14.
Nxe7 Qxe7 15. Bc3 O-O 16. Bxf6 Qxf6 17. Qxh5 Qxb2 18. Rab1 Qf6 19. Re4 g6 20. Qh6 e5 21.
Rbe1 Qg7 22. Qe3 f6 23. Rh4 g5 24. Rb4 a5 25. Rc4 Be6 26. Rc5 Bxa2 27. c4 a4 28. f4 exf4 29. gxf4 gxf4 30. Qe6+ Rf7 31. Kh1 a3 32.
Rg1 Bb3 33. Qe1 a2 34. Qa1 Bc2 35. Bd5 cxd5 36. Rxg7+ Rxg7 37. cxd5 Be4# 0-1

[Event "*** Titled Tuesday Blitz"]
[Site "Chess.com"]
[Date "2018.12.04"]
[Round "2"]
[White "Albertu"]
[Black "MattyDPerrine"]
[Result "0-1"]
[WhiteElo "2387"]
[BlackElo "2422"]
[TimeControl "180+2"]
[EndTime "13:22:11 PST"]
[Termination "MattyDPerrine won by checkmate"]

1. e4 c5 2. Nf3 e6 3. d4 cxd4 4. Nxd4 Nc6 5. Nc3 Qc7 6. g3 a6 7. Bg2 Nf6 8. O-O d6 9. Be3 Ne5 10. Qe2 Be7 11. Rad1 O-O 12. a4 Bd7 13. Bc1 Rac8 14. f4 Nc4 15. g4 Qb6 16. g5 Ne8 17. b3 Na5 18. Bb2 Nc6 19. Qf2 Nxd4 20. Rxd4 d5 21.
exd5 Bc5 22. Ne4 Bxd4 23. Bxd4 Qc7 24. c4 exd5 25. cxd5 Nd6 26. Ng3 Nf5 27. Be5 Qc2 28. Qb6 Nxg3 29. hxg3 Qd3 30. Kh2 Rc2 31. Rf2 Rfc8 32.
d6 Rxf2 33. Qxf2 Rc2 34. Qg1 Bc6 35. Kh3 Rxg2 36. Qb6 Qxg3# 0-1

[Event "*** Titled Tuesday Blitz"]
[Site "Chess.com"]
[Date "2018.12.04"]
[Round "2"]
[White "armago"]
[Black "julinha97"]
[Result "1-0"]
[WhiteElo "2015"]
[BlackElo "2117"]
[TimeControl "180+2"]
[EndTime "13:22:11 PST"]
[Termination "armago won on time"]

1. d4 Nf6 2. c4 g6 3. Nc3 Bg7 4. e4 d6 5. h3 O-O 6. Nf3 c5 7. d5 e6 8. Bg5 exd5 9. cxd5 Re8 10. Bd3 a6 11. a4 Qc7 12. O-O c4 13. Bc2 Nbd7 14.
Re1 Nc5 15. Qd2 b6 16. e5 dxe5 17. d6 Qc6 18. Nxe5 Rxe5 19. Rxe5 Bb7 20. f3 Nh5 21. Ree1 f6 22. Bh4 Rd8 23. Rad1 g5 24. Bf2 Nf4 25.
Ne4 Nce6 26. a5 bxa5 27. Qxa5 f5 28. Nxg5 Rxd6 29. Rxd6 Qxd6 30. Rd1 Ne2+ 31. Kf1 N6d4 32. Bxf5 Qh2 33. Qd8+ Bf8 34. Bxd4 Ng3+ 35. Ke1 Qh1+ 36.
Kd2 Qxg2+ 37. Kc1 Nxf5 38. Bc5 1-0

[Event "*** Titled Tuesday Blitz"]
[Site "Chess.com"]
[Date "2018.12.04"]
[Round "2"]
[White "TigranLPetrosyan"]
[Black "Benek77"]
[Result "1-0"]
[WhiteElo "2820"]
[BlackElo "2585"]
[TimeControl "180+2"]
[EndTime "13:22:12 PST"]
[Termination "TigranLPetrosyan won by resignation"]

1. Nf3 Nf6 2. g3 g6 3. Bg2 Bg7 4. O-O O-O 5. d3 d6 6. Nbd2 e5 7. e4 Nc6 8. a4 a5 9. c3 h6 10. Re1 Be6 11. d4 exd4 12. Nxd4 Nxd4 13. cxd4 d5 14.
e5 Nd7 15. Nb3 c6 16. Be3 Nb6 17. Nc5 Qe7 18. b3 Rab8 19. Qd2 Kh7 20. Qxa5 Nd7 21. Nxd7 Qxd7 22. Qd2 Rfc8 23. b4 Ra8 24. h4 h5 25.
Bg5 Bf8 26. a5 Qc7 27. Kh2 b6 28. Bh3 Bxh3 29. Kxh3 bxa5 30. bxa5 Rcb8 31. Kg2 Bb4 32.
Qf4 Bxe1 33. Rxe1 Rxa5 34. g4 hxg4 35. h5 Ra3 36. hxg6+ fxg6 37. Qxg4 Kg8 38. Bf6 Qc8 1-0

[Event "*** Titled Tuesday Blitz"]
[Site "Chess.com"]
[Date "2018.12.04"]
[Round "2"]
[White "zeitnot2006"]
[Black "JSMastropiero"]
[Result "0-1"]
[WhiteElo "2081"]
[BlackElo "2171"]
[TimeControl "180+2"]
[EndTime "13:22:14 PST"]
[Termination "JSMastropiero won by resignation"]

1. d4 Nf6 2. c4 g6 3. g3 Bg7 4. Bg2 O-O 5. Nc3 d6 6. Nf3 c6 7. O-O Qa5 8. e4 Bg4 9. Be3 Qh5 10. Re1 Nbd7 11. Rc1 e5 12. d5 cxd5 13. cxd5 a6 14. a4 Rac8 15. Rc2 Nc5 16. Bxc5 Rxc5 17. Qd3 Rfc8 18.
Nd2 Bh3 19. f3 Bd7 20. Rec1 Bh6 21. b3 Qg5 22. Kf2 Ne8 23. h4 Qd8 24. Ncb1 Qb6 25. Rxc5 Rxc5 26. Rxc5 Qxc5+ 27. Ke2 Qg1 28. Bf1 Qxg3 29. h5 Qh2+ 30. Kd1 Qxh5 31. Nc3 Qh1 32. Kc2 Qh2 33. Be2 Bf4 34. Nd1 h5 35. Nc4 h4 36.
Nb6 Nf6 37. Nxd7 Nxd7 38. Nc3 Nc5 39. Qc4 a5 40. b4 axb4 41. Qxb4 Qg1 42. Qb2 h3 0-1

[Event "*** Titled Tuesday Blitz"]
[Site "Chess.com"]
[Date "2018.12.04"]
[Round "2"]
[White "Jbd735"]
[Black "kacprekt"]
[Result "0-1"]
[WhiteElo "2497"]
[BlackElo "2407"]
[TimeControl "180+2"]
[EndTime "13:22:15 PST"]
[Termination "kacprekt won on time"]

1. e4 c6 2. d4 d5 3. e5 Bf5 4. h4 h6 5. g4 Bd7 6. h5 c5 7. c3 e6 8. f4 Nc6 9. Nf3 Qb6 10. Rh2 O-O-O 11. Be3 cxd4 12. cxd4 Bb4+ 13. Kf2 Be7 14.
Kg3 f6 15. Nc3 Kb8 16. Rc1 Rc8 17. Na4 Qd8 18. Nc5 Bxc5 19. Rxc5 Nge7 20. Rhc2 fxe5 21.
dxe5 g5 22. fxg5 hxg5 23. Bxg5 Qg8 24. Qd2 Rf8 25. Bxe7 Nxe7 26. Rc7 Nf5+ 27. Kf2 Nh4 28. Be2 Qxg4 29. Rxd7 Nxf3 30. Qc1 Qh4+ 31. Kf1 Nd2+ 32. Kg2 Rhg8+ 0-1

[Event "*** Titled Tuesday Blitz"]
[Site "Chess.com"]
[Date "2018.12.04"]
[Round "2"]
[White "MFguimaraes"]
[Black "Atanejhad"]
[Result "0-1"]
[WhiteElo "2363"]
[BlackElo "2260"]
[TimeControl "180+2"]
[EndTime "13:22:15 PST"]
[Termination "Atanejhad won by resignation"]

1. e4 c5 2. Nf3 d6 3. Bb5+ Bd7 4. a4 Nc6 5. O-O Nf6 6. Nc3 g6 7. Re1 Bg7 8. e5 Nxe5 9. Nxe5 dxe5 10. Rxe5 a6 11. Bf1 Ng4 12. Re4 h5 13. d3 Bc6 14.
Re1 Bd4 15. Be3 Qd6 16. g3 Bxe3 17. fxe3 f5 18. Qd2 h4 19. Nb5 axb5 20. axb5 Rxa1 21. Rxa1 Ne5 22. Qc3 hxg3 23. hxg3 Nf3+ 24. Kf2 Rh2+ 25. Bg2 Nh4 26. bxc6 Rxg2+ 27. Kf1 Qxg3 28. Qh8+ Kf7 29. Qh7+ Kf6 30. Qh8+ Kg5 31. Qxh4+ Kxh4 0-1

[Event "*** Titled Tuesday Blitz"]
[Site "Chess.com"]
[Date "2018.12.04"]
[Round "2"]
[White "PlotnikovPavel"]
[Black "champ2005"]
[Result "0-1"]
[WhiteElo "2340"]
[BlackElo "2662"]
[TimeControl "180+2"]
[EndTime "13:22:15 PST"]
[Termination "champ2005 won by checkmate"]

1. d4 Nf6 2. Nf3 e6 3. e3 b6 4. c4 Bb7 5. Nc3 Bb4 6. Qc2 Ne4 7. Bd2 Bxc3 8. Bxc3 O-O 9. Bd3 f5 10. O-O-O d6 11.
Be1 c5 12. Nd2 Nf6 13. dxc5 bxc5 14. f3 Nc6 15. Nb1 a5 16. a3 Qe7 17. Nc3 Rfb8 18.
Nb5 Ba6 19. a4 Nb4 20. Bxb4 axb4 21. b3 Bxb5 22. cxb5 d5 23. e4 fxe4 24. fxe4 c4 25. bxc4 dxc4 26. Bxc4 Nd7 27. Kb1 Rc8 28. Rc1 Kh8 29.
Rhd1 Nb6 30. Qb3 Nxa4 31. b6 Rcb8 32. Bxe6 Nc3+ 33. Rxc3 bxc3 34. Bd5 Ra3 35. Qb5 Qe5 36. b7 c2+ 37. Kxc2 Qc3+ 38. Kb1 Ra1# 0-1

[Event "*** Titled Tuesday Blitz"]
[Site "Chess.com"]
[Date "2018.12.04"]
[Round "2"]
[White "Haykos"]
[Black "leclash"]
[Result "0-1"]
[WhiteElo "2512"]
[BlackElo "2370"]
[TimeControl "180+2"]
[EndTime "13:22:16 PST"]
[Termination "leclash won by resignation"]

1. e4 e5 2. Nf3 Nc6 3. Bc4 Bc5 4. d3 Nf6 5. O-O d6 6. c3 a6 7. a4 Ba7 8. Re1 Ne7 9. h3 Ng6 10. d4 O-O 11. Nbd2 Nh5 12. Nxe5 dxe5 13. Qxh5 exd4 14.
Nf3 Qf6 15. Bg5 Qc6 16. Bd5 Qb6 17. cxd4 Qxb2 18. Bc1 Qb6 19. Ba3 Nf4 20. Qg4 Bxg4 21. hxg4 Nxd5 22. exd5 Rfe8 23. Ne5 f6 24. Bc5 Qb2 25.
Nd3 Rxe1+ 26. Rxe1 Qd2 27. Bxa7 Rxa7 28. Re3 b5 29. g5 bxa4 30. Nc5 Qxe3 31. fxe3 a3 32. Nb3 a2 33. Kf2 Rb7 34. Na1 Rb1 0-1

[Event "*** Titled Tuesday Blitz"]
[Site "Chess.com"]
[Date "2018.12.04"]
[Round "2"]
[White "Vadim_Biliy"]
[Black "Jadeit90"]
[Result "1/2-1/2"]
[WhiteElo "2158"]
[BlackElo "2257"]
[TimeControl "180+2"]
[EndTime "13:22:17 PST"]
[Termination "Game drawn by repetition"]

1. d4 g6 2. Nf3 Bg7 3. e3 c5 4. Be2 cxd4 5. exd4 d6 6. O-O Nf6 7. c4 O-O 8. d5 e5 9. dxe6 Bxe6 10. Nc3 Nc6 11.
Bg5 h6 12. Bf4 d5 13. cxd5 Nxd5 14. Nxd5 Bxd5 15. Qd2 g5 16. Be3 Be6 17. Rad1 Qf6 18. b3 Rfd8 19. Qc1 Nb4 20. Rd2 Rac8 21. Rxd8+ Rxd8 22. Qa3 Nc6 23. Qc5 Bf8 24. Qb5 Qe7 25. h3 Qb4 26.
Qxb4 Nxb4 27. Nd4 Bd5 28. a3 Nc6 29. Nxc6 Bxc6 30. b4 a6 31. Rc1 Bg7 32. Bxa6 Bb2 33. Rc2 Bxa3 34. b5 Bd5 35. Bb6 Rd7 36. Rc8+ Kh7 37.
Bc7 bxa6 38. bxa6 Bd6 39. Bxd6 Rxd6 40. a7 Ra6 41. Rc7 Kg6 42. f3 f5 43. Rd7 Ba8 44. Kf2 f4 45. Ke2 h5 46. Kd3 g4 47.
hxg4 hxg4 48. fxg4 Bxg2 49. Kd4 f3 50. Ke3 Kg5 51.
Rg7+ Kh4 52. g5 Kg3 53. Rf7 Ra3+ 54. Kd4 f2 55. g6 Ra4+ 56. Ke3 Ra3+ 57. Kd4 Ra4+ 58.
Ke3 Ra3+ 59. Kd4 Ra4+ 60. Ke3 1/2-1/2

[Event "*** Titled Tuesday Blitz"]
[Site "Chess.com"]
[Date "2018.12.04"]
[Round "2"]
[White "PchelkinVK"]
[Black "Marcus_Harvey"]
[Result "1-0"]
[WhiteElo "2573"]
[BlackElo "2680"]
[TimeControl "180+2"]
[EndTime "13:22:19 PST"]
[Termination "PchelkinVK won by resignation"]

1. d4 Nf6 2. Nc3 e6 3. e4 d5 4.
e5 Nfd7 5. Nf3 c5 6. dxc5 a6 7. b4 Nc6 8. a3 Ndxe5 9. Nxe5 Nxe5 10. Bb2 Qg5 11. h4 Qf5 12. Rh3 Bd7 13. Nxd5 exd5 14. Bxe5 O-O-O 15. Re3 Re8 16. Qd4 Qxc2 17. Bd3 Qa4 18.
Qxd5 f6 19. Bf4 Rxe3+ 20. Bxe3 Bc6 21. Bf5+ Kb8 22. Qd8+ Ka7 23. Qb6+ Ka8 24. Qd8+ Ka7 25. Bf4 Bd6 26. Qxd6 Re8+ 27. Kf1 g6 28. Bd3 Qb3 29. Re1 Rc8 30. Be4 Bb5+ 31. Kg1 Qc3 32. Qb6+ 1-0

[Event "*** Titled Tuesday Blitz"]
[Site "Chess.com"]
[Date "2018.12.04"]
[Round "2"]
[White "djano"]
[Black "Rakhmanov_Aleksandr"]
[Result "0-1"]
[WhiteElo "2350"]
[BlackElo "2788"]
[TimeControl "180+2"]
[EndTime "13:22:19 PST"]
[Termination "Rakhmanov_Aleksandr won by resignation"]

1. c4 e5 2. Nc3 Bb4 3. g3 Bxc3 4.
bxc3 Ne7 5. Bg2 d6 6. e4 O-O 7. d3 b6 8. Ne2 Bb7 9. g4 Nd7 10. O-O Ng6 11. f4 exf4 12. Nxf4 Nde5 13. h3 a6 14. a4 Qd7 15. Nh5 Qe7 16. g5 Bc6 17. a5 b5 18. cxb5 axb5 19. Be3 Bd7 20. a6 c5 21. Kh1 Ra7 22. Ra5 Rfa8 23. Ng3 Rxa6 24. Rxa6 Rxa6 25. Nf5 Qd8 26. d4 Nc4 27. Bc1 Qc8 28.
dxc5 Qxc5 29. Qg4 Be6 30. h4 Ra1 31. h5 Nge5 32. Qg3 b4 33. cxb4 Qxb4 34. g6 hxg6 35.
hxg6 Nxg6 36. Nxg7 Kxg7 37. Bh6+ Kxh6 38. Rxa1 Nce5 39.
Ra8 Kg7 40. Ra1 Qb2 41. Rf1 Qd2 42. Qf2 Qh6+ 43. Kg1 Ng4 44. Qg3 Qe3+ 45. Qxe3 Nxe3 46. Re1 Nxg2 47. Kxg2 Kf6 48. Kf3 Ke5 49. Ke3 Nf4 50.
Rf1 Ng2+ 51. Kf2 Nh4 52. Ke3 Ng6 53. Rg1 Ne7 54. Rg5+ Kf6 55. Rb5 Nc6 56. Rb6 Bd7 57. Kf4 Ke6 58. Ra6 f6 59. Rb6 Ne5 60. Ra6 Nd3+ 61.
Ke3 Nc5 62. Rb6 Be8 63. Rb8 Bg6 64. Kf4 Bxe4 65. Re8+ Kf7 66. Rd8 Ne6+ 0-1

[Event "*** Titled Tuesday Blitz"]
[Site "Chess.com"]
[Date "2018.12.04"]
[Round "2"]
[White "staz_staz"]
[Black "josmito10"]
[Result "0-1"]
[WhiteElo "2357"]
[BlackElo "2693"]
[TimeControl "180+2"]
[EndTime "13:22:20 PST"]
[Termination "josmito10 won by resignation"]

1. d4 Nf6 2. Nf3 d5 3. c4 dxc4 4. e3 e6 5. Bxc4 a6 6. a4 c5 7. Qe2 Nc6 8. O-O cxd4 9. Rd1 Be7 10. exd4 O-O 11. Nc3 Nb4 12. Bg5 Nfd5 13. Nxd5 Nxd5 14. Bxd5 Bxg5 15. Be4 Bf6 16. d5 exd5 17. Bxd5 Qb6 18. Ne5 Bf5 19. g4 Bxe5 20. gxf5 Rae8 21. Qf3 Re7 22. Rab1 Qb4 23. b3 b6 24. Bc4 b5 25.
axb5 axb5 26. Bd5 Qh4 27. Qg2 Qf4 28. Rbc1 Qxf5 29. b4 Qf4 30. Rc5 Qxb4 31. Rc2 Qf4 32. Rc5 b4 33. Rb5 g6 34. Rb1 Bc3 35. Bf3 Kg7 36. Rb6 Rfe8 37. h3 Re1+ 0-1

[Event "*** Titled Tuesday Blitz"]
[Site "Chess.com"]
[Date "2018.12.04"]
[Round "2"]
[White "chesstatour"]
[Black "Perecke"]
[Result "1-0"]
[WhiteElo "2082"]
[BlackElo "1961"]
[TimeControl "180+2"]
[EndTime "13:22:20 PST"]
[Termination "chesstatour won by checkmate"]

1. c4 e5 2. Nc3 c5 3. g3 Nc6 4.
Bg2 Nf6 5. d3 Be7 6. Nf3 O-O 7.
O-O d6 8. a3 Be6 9. Rb1 Qd7 10.
Re1 Bh3 11. Bh1 a6 12. b4 cxb4 13. axb4 Rfb8 14. b5 axb5 15. Nxb5 d5 16. Ng5 dxc4 17. dxc4 Qf5 18. e4 Qg4 19. Qxg4 Bxg4 20. Be3 Rd8 21.
Nc7 Rac8 22. Nd5 Rd7 23. f3 Nxd5 24. cxd5 Bxg5 25. Bxg5 Nd4 26. fxg4 Nc2 27. Rec1 Rdc7 28. Bg2 Na3 29. Rxc7 Rxc7 30. Ra1 Rc3 31. Bd2 Rc2 32.
Rxa3 Rxd2 33. Ra8# 1-0

[Event "*** Titled Tuesday Blitz"]
[Site "Chess.com"]
[Date "2018.12.04"]
[Round "2"]
[White "FearNoEvil12"]
[Black "brother-bear"]
[Result "1-0"]
[WhiteElo "1965"]
[BlackElo "1911"]
[TimeControl "180+2"]
[EndTime "13:22:21 PST"]
[Termination "FearNoEvil12 won on time"]

1. e4 c5 2. Nc3 Nc6 3. f4 g6 4. Nf3 Bg7 5. Bc4 e6 6. f5 Nge7 7. fxg6 fxg6 8. d3 d5 9. Bb3 b5 10. O-O c4 11. dxc4 dxc4 12. Qxd8+ Kxd8 13. Nxb5 cxb3 14. axb3 Bd7 15. Ng5 Nd4 16. Nf7+ Kc8 17. Nbd6+ Kc7 18. Nxh8 Bxh8 19. Nc4 Nxc2 20. Ra5 Nb4 21. Bg5 Nbc6 22. Raa1 Bd4+ 23. Kh1 Rb8 24. Rad1 e5 25. Rf7 Nc8 26. Rxh7 Rxb3 27. h4 Rb4 28. Rc1 a5 29. Nxa5 Na7 30.
Nxc6 Nxc6 31. Rf1 Rxb2 32. Rff7 Nb8 33. Kh2 Kc6 34. Rf6+ Kc5 35. Rxg6 Bc6 36. Rc7 Rb1 37. h5 Kb6 38. Rcxc6+ Nxc6 39. h6 Ra1 40. h7 Ra8 41. Rg8 1-0

[Event "*** Titled Tuesday Blitz"]
[Site "Chess.com"]
[Date "2018.12.04"]
[Round "2"]
[White "LazyIM"]
[Black "Robert_Chessmood"]
[Result "1-0"]
[WhiteElo "2618"]
[BlackElo "2944"]
[TimeControl "180+2"]
[EndTime "13:22:23 PST"]
[Termination "LazyIM won by checkmate"]

1. e4 e5 2. Nf3 Nc6 3. Bc4 Bc5 4. c3 Nf6 5. d4 exd4 6. e5 d5 7. Bb5 Ne4 8. cxd4 Bb6 9. Nc3 O-O 10. O-O Bg4 11.
Bxc6 bxc6 12. Be3 f6 13. Ne2 Qe8 14. Rc1 Bxf3 15. gxf3 Ng5 16. f4 Nf3+ 17. Kg2 Nh4+ 18. Kh1 Qg6 19. Ng3 fxe5 20. dxe5 d4 21. Bxd4 Rad8 22. Qb3+ Kh8 23. Be3 Rd3 24. Qc2 Rfd8 25. Qxc6 Qg4 26. Bxb6 axb6 27. e6 R3d5 28. Rc3 Qh3 29.
Rg1 Rd1 30. Rc1 Rxc1 31. Rxc1 Rg8 32. e7 Qc8 33. Re1 Re8 34. f5 Nxf5 35. Nxf5 h6 36. Qg6 Qa8+ 37. Kg1 Rg8 38. e8=Q Qxa2 39. Qxg7# 1-0

[Event "*** Titled Tuesday Blitz"]
[Site "Chess.com"]
[Date "2018.12.04"]
[Round "2"]
[White "MaestroASK"]
[Black "ViIIagra"]
[Result "1-0"]
[WhiteElo "2496"]
[BlackElo "2687"]
[TimeControl "180+2"]
[EndTime "13:22:27 PST"]
[Termination "MaestroASK won by resignation"]

1. g3 d5 2. d3 g6 3. e4 Nf6 4. Bg2 Bg7 5. c3 O-O 6. f3 c5 7. Nh3 Nc6 8. Nf2 e5 9. O-O Re8 10. Nd2 Be6 11. Bh3 Qd7 12. Bxe6 Qxe6 13. Qe2 Rad8 14. Kg2 b6 15. Re1 h6 16. Nf1 d4 17.
c4 a6 18. Bd2 b5 19. Rec1 Nd7 20. b3 Rb8 21. Rc2 a5 22. Rac1 b4 23. g4 a4 24. Ng3 Ra8 25. h4 axb3 26. axb3 Ra3 27. Rb2 Rea8 28. h5 Ra2 29. Rcc2 Rxb2 30. Rxb2 Ra1 31.
g5 hxg5 32. Bxg5 gxh5 33. Nh3 Qg6 34. Kh2 Bf6 35. Bxf6 Nxf6 36. Nf5 Kh8 37. Qf2 Nd8 38. Qh4 Ra6 39. Rg2 Qh7 40. Qg3 Ne6 41. Qxe5 Nf8 42. Qxc5 1-0

[Event "*** Titled Tuesday Blitz"]
[Site "Chess.com"]
[Date "2018.12.04"]
[Round "2"]
[White "chess4life23"]
[Black "vinniethepooh"]
[Result "1-0"]
[WhiteElo "2409"]
[BlackElo "2409"]
[TimeControl "180+2"]
[EndTime "13:22:32 PST"]
[Termination "chess4life23 won on time"]

1. d4 d5 2. Nf3 Nf6 3. c4 c6 4. e3 Bf5 5. Nc3 e6 6. Bd3 Bxd3 7. Qxd3 Nbd7 8. O-O Bd6 9. e4 dxe4 10. Nxe4 Nxe4 11. Qxe4 Nf6 12. Qe2 O-O 13. Bg5 h6 14. Bh4 Be7 15. Rad1 Qc7 16. Rfe1 Rad8 17. Ne5 Rfe8 18. Bg3 Bd6 19. Qf3 Bxe5 20. Bxe5 Qe7 21. Qg3 Kh7 22. Rd3 Rg8 23. Rf3 Ne8 24. Qf4 f6 25.
Qe4+ g6 26. Bg3 Ng7 27. c5 Rd5 28. Bd6 Qd8 29. Qf4 Rf5 30. Qe3 Rxf3 31. Qxf3 Re8 32. Qb3 Qd7 33. g4 b6 34. Qf3 bxc5 35. dxc5 e5 36.
h3 Re6 37. Rd1 Ne8 38. Bb8 1-0

[Event "*** Titled Tuesday Blitz"]
[Site "Chess.com"]
[Date "2018.12.04"]
[Round "2"]
[White "Karina_Oparina"]
[Black "Chessmatus"]
[Result "0-1"]
[WhiteElo "2129"]
[BlackElo "2182"]
[TimeControl "180+2"]
[EndTime "13:22:33 PST"]
[Termination "Chessmatus won by resignation"]

1. Nf3 Nf6 2. g3 d5 3. Bg2 c5 4.
c4 d4 5. d3 Nc6 6. O-O e5 7.
e4 g6 8. Nbd2 Bg7 9. Ne1 O-O 10.
f4 Bg4 11. Bf3 Bxf3 12. Ndxf3 exf4 13. gxf4 Qd7 14. Qe2 Qg4+ 15. Qg2 Rae8 16. e5 Qxg2+ 17. Nxg2 Nd7 18. Bd2 f6 19. exf6 Nxf6 20. Rae1 Nh5 21. Ng5 Bh6 22. Ne6 Rf7 23. Nxc5 Rxe1 24. Rxe1 Nxf4 25. Bxf4 Bxf4 26. Nxf4 Rxf4 27. Nxb7 Nb4 28. Nc5 Rf5 29. Nb3 Nxd3 30. Re2 Nf4 31. Rd2 d3 32. Nd4 Re5 33. Nf3 Re3 34. Kf2 Re4 35. b3 Kg7 36. c5 Kf6 37. c6 Ke7 38. Rd1 Kd6 39. Rc1 Kc7 40. Kg3 Ne2+ 41. Kf2 Nxc1 0-1